[ AOE2 MATCH · #463512184 ]
Team RMMagyars vs Japanese
[ REPLAY ANALYSIS · EXTRACTED FROM THE RECORDED GAME ]
Feudal
14:40
Castle
23:29
Imperial
34:43
| APM avg | 8.6 |
| APM peak | 22 |
| eAPM avg | 7.0 |
| Villagers / military | 65 / 30 |
Focus
⚔️ 24.8% · 🌾 75.2%
Spearman ×18 · Skirmisher ×5 · Magyar Huszar ×5 · Trebuchet (Packed) ×2
Feudal
13:26
Castle
18:00
Imperial
34:28
| APM avg | 26.2 |
| APM peak | 74 |
| eAPM avg | 14.1 |
| Villagers / military | 188 / 129 |
Focus
⚔️ 22.4% · 🌾 77.6%
Scout Cavalry ×65 · Conquistador ×56 · Trebuchet (Packed) ×8 · Unknown (1105) ×2
Feudal
10:06
Castle
20:01
Imperial
35:39
| APM avg | 23.5 |
| APM peak | 42 |
| eAPM avg | 17.3 |
| Villagers / military | 126 / 18 |
Focus
⚔️ 29.8% · 🌾 70.2%
Unknown (1952) ×68 · Petard ×14 · Unknown (1949) ×8 · Unknown (1942) ×5 · Battering Ram ×2 · Scout Cavalry ×2
Feudal
10:11
Castle
17:43
Imperial
—
| APM avg | 6.8 |
| APM peak | 30 |
| eAPM avg | 4.2 |
| Villagers / military | 29 / 5 |
Focus
⚔️ 13.2% · 🌾 86.8%
Militia ×5
Match map
Initial resources + every placement click. Lines = walls · curves = elevation contours. ◆ gold · ⬟ stone · ● berries · ✦ relic · ◌ wall gap
Inputs per minute
— JabaliVengativo - - MiscaMuscaMIckyMouse
Build order — JabaliVengativo
123 actions detected in the replay
| 0:02 | Create | Villager (Male) |
| 0:02 | Create | Villager (Male) |
| 0:02 | Create | Villager (Male) |
| 0:03 | Create | Villager (Male) |
| 0:03 | Create | Villager (Male) |
| 0:03 | Create | Villager (Male) |
| 0:06 | Build | House |
| 0:09 | Build | House |
| 1:44 | Create | Villager (Male) |
| 1:44 | Create | Villager (Male) |
| 2:05 | Create | Villager (Male) |
| 2:32 | Build | Lumber Camp |
| 2:48 | Create | Villager (Male) |
| 2:48 | Research | Loom |
| 3:04 | Create | Villager (Male) |
| 4:21 | Create | Villager (Male) |
| 4:21 | Create | Villager (Male) |
| 4:22 | Create | Villager (Male) |
| 4:22 | Create | Villager (Male) |
| 5:17 | Build | House |
| 5:37 | Create | Villager (Male) |
| 5:38 | Create | Villager (Male) |
| 5:38 | Create | Villager (Male) |
| 5:38 | Create | Villager (Male) |
| 5:46 | Build | Mill |
| 5:52 | Build | House |
| 6:04 | Create | Villager (Male) |
| 6:04 | Create | Villager (Male) |
| 7:04 | Create | Villager (Male) |
| 7:04 | Create | Villager (Male) |
| 7:05 | Create | Villager (Male) |
| 7:05 | Create | Villager (Male) |
| 7:19 | Create | Villager (Male) |
| 8:38 | Build | Lumber Camp |
| 8:43 | Build | House |
| 9:14 | Build | Mill |
| 9:35 | Create | Villager (Male) |
| 9:35 | Create | Villager (Male) |
| 9:35 | Create | Villager (Male) |
| 9:36 | Create | Villager (Male) |
| 9:36 | Create | Villager (Male) |
| 9:36 | Create | Villager (Male) |
| 9:36 | Create | Villager (Male) |
| 9:46 | Research | Loom |
| 10:56 | Build | Mining Camp |
| 12:10 | Build | Mining Camp |
| 12:18 | Research | Feudal Age |
| 12:20 | Create | Villager (Male) |
| 12:21 | Create | Villager (Male) |
| 14:40 | Age | Feudal Age |
| 15:36 | Build | Barracks |
| 16:08 | Create | Spearman ×5 |
| 16:22 | Build | Farm |
| 16:22 | Build | Farm |
| 16:22 | Build | Farm |
| 16:23 | Build | Farm |
| 16:23 | Build | Farm |
| 16:23 | Build | Farm |
| 16:23 | Build | Farm |
| 18:19 | Create | Spearman |
| 18:43 | Build | Farm |
| 18:44 | Build | Farm |
| 18:44 | Build | Farm |
| 18:44 | Build | Farm |
| 18:44 | Build | Farm |
| 19:09 | Create | Villager (Male) ×5 |
| 19:15 | Research | Wheelbarrow |
| 19:22 | Build | House |
| 19:38 | Build | Market |
| 19:47 | Build | Blacksmith |
| 20:13 | Build | Farm |
| 20:16 | Research | Horse Collar |
| 20:19 | Research | Double-Bit Axe |
| 20:49 | Research | Castle Age |
| 20:54 | Create | Villager (Male) ×5 |
| 23:29 | Age | Castle Age |
| 23:54 | Create | Villager (Male) ×5 |
| 24:49 | Create | Spearman ×5 |
| 25:12 | Build | Mining Camp |
| 25:26 | Build | Farm |
| 25:44 | Build | Archery Range |
| 26:04 | Research | Padded Archer Armor |
| 26:05 | Research | Fletching |
| 26:13 | Research | Bow Saw |
| 26:17 | Research | Heavy Plow |
| 26:40 | Build | Archery Range |
| 26:45 | Research | Elite Skirmisher (upgrade) |
| 26:58 | Research | Leather Archer Armor |
| 27:45 | Build | Castle |
| 27:51 | Build | Farm |
| 28:18 | Create | Skirmisher ×5 |
| 28:33 | Research | Bodkin Arrow |
| 28:50 | Build | House |
| 29:26 | Build | Mining Camp |
| 30:50 | Build | Mining Camp |
| 31:34 | Research | Imperial Age |
| 33:00 | Create | Magyar Huszar ×5 |
| 33:11 | Research | Pikeman (upgrade) |
| 34:02 | Build | Mining Camp |
| 34:43 | Age | Imperial Age |
| 35:18 | Create | Trebuchet (Packed) |
| 35:18 | Create | Trebuchet (Packed) |
| 35:33 | Create | Villager (Male) ×5 |
| 35:33 | Create | Villager (Male) ×5 |
| 36:13 | Build | Lumber Camp |
| 36:36 | Build | Lumber Camp |
| 36:39 | Research | Two-Man Saw |
| 37:17 | Create | Villager (Male) ×5 |
| 40:16 | Build | Building 487 |
| 40:23 | Build | Stone Wall |
| 42:48 | Build | House |
| 42:50 | Build | House |
| 42:53 | Build | House |
| 43:01 | Build | House |
| 43:04 | Build | House |
| 43:07 | Build | House |
| 43:37 | Build | Castle |
| 43:59 | Build | Barracks |
| 44:01 | Build | Barracks |
| 44:19 | Create | Spearman ×5 |
| 44:23 | Create | Spearman |
| 44:23 | Create | Spearman |
| 45:06 | Build | Mining Camp |
Build order — MiscaMuscaMIckyMouse
First 150 of 277 actions detected
| 0:01 | Create | Villager (Male) |
| 0:01 | Create | Villager (Male) |
| 0:02 | Create | Villager (Male) |
| 0:02 | Create | Villager (Male) |
| 0:02 | Create | Villager (Male) |
| 0:04 | Build | House |
| 0:06 | Build | House |
| 1:25 | Create | Villager (Male) |
| 1:25 | Create | Villager (Male) |
| 1:25 | Create | Villager (Male) |
| 1:46 | Build | Lumber Camp |
| 2:00 | Create | Villager (Male) |
| 2:00 | Create | Villager (Male) |
| 2:09 | Build | House |
| 2:17 | Create | Villager (Male) |
| 2:17 | Create | Villager (Male) |
| 2:17 | Create | Villager (Male) |
| 2:48 | Create | Villager (Male) |
| 2:49 | Create | Villager (Male) |
| 3:01 | Create | Villager (Male) |
| 3:02 | Create | Villager (Male) |
| 3:02 | Create | Villager (Male) |
| 3:02 | Create | Villager (Male) |
| 3:32 | Create | Villager (Male) |
| 3:33 | Create | Villager (Male) |
| 3:59 | Create | Villager (Male) |
| 4:00 | Create | Villager (Male) |
| 4:18 | Build | Lumber Camp |
| 4:26 | Build | Lumber Camp |
| 4:35 | Create | Villager (Male) |
| 4:36 | Create | Villager (Male) |
| 4:36 | Create | Villager (Male) |
| 4:41 | Build | House |
| 5:21 | Create | Villager (Male) |
| 5:21 | Create | Villager (Male) |
| 5:21 | Create | Villager (Male) |
| 5:22 | Create | Villager (Male) |
| 6:01 | Create | Villager (Male) |
| 6:01 | Create | Villager (Male) |
| 6:01 | Create | Villager (Male) |
| 6:02 | Create | Villager (Male) |
| 6:22 | Build | Mill |
| 7:05 | Build | House |
| 7:15 | Create | Villager (Male) |
| 7:16 | Create | Villager (Male) |
| 7:16 | Create | Villager (Male) |
| 7:16 | Create | Villager (Male) |
| 7:55 | Create | Villager (Male) |
| 7:55 | Create | Villager (Male) |
| 8:00 | Build | Mining Camp |
| 8:22 | Create | Villager (Male) |
| 8:23 | Create | Villager (Male) |
| 8:28 | Build | House |
| 8:31 | Create | Villager (Male) |
| 8:31 | Create | Villager (Male) |
| 8:57 | Create | Villager (Male) |
| 9:16 | Build | Mining Camp |
| 10:43 | Build | Farm |
| 10:54 | Build | Farm |
| 10:55 | Build | Farm |
| 10:56 | Build | Farm |
| 10:57 | Build | Farm |
| 10:58 | Build | Farm |
| 10:59 | Build | Farm |
| 11:09 | Research | Feudal Age |
| 11:18 | Build | Farm |
| 11:21 | Build | Farm |
| 12:08 | Create | Villager (Male) |
| 12:08 | Create | Villager (Male) |
| 13:15 | Create | Villager (Male) |
| 13:16 | Research | Loom |
| 13:26 | Age | Feudal Age |
| 13:32 | Build | Market |
| 13:36 | Build | Blacksmith |
| 15:20 | Research | Castle Age |
| 15:27 | Build | House |
| 15:28 | Build | House |
| 15:28 | Build | House |
| 15:28 | Build | House |
| 15:29 | Build | House |
| 15:29 | Build | House |
| 15:29 | Build | House |
| 15:30 | Build | House |
| 15:31 | Build | House |
| 15:32 | Build | House |
| 15:32 | Build | House |
| 15:32 | Build | House |
| 15:33 | Build | House |
| 15:33 | Build | House |
| 15:37 | Build | House |
| 15:38 | Build | House |
| 15:41 | Build | House |
| 16:55 | Create | Villager (Male) |
| 16:55 | Create | Villager (Male) |
| 16:56 | Create | Villager (Male) |
| 16:56 | Create | Villager (Male) |
| 16:56 | Create | Villager (Male) |
| 18:00 | Age | Castle Age |
| 18:05 | Build | Town Center |
| 18:16 | Build | Town Center |
| 18:37 | Build | Siege Workshop |
| 19:06 | Create | Unit 1105 |
| 19:14 | Build | House |
| 19:14 | Build | House |
| 19:19 | Build | Farm |
| 19:19 | Build | Farm |
| 19:20 | Build | Farm |
| 19:21 | Build | Farm |
| 19:34 | Create | Villager (Male) ×5 |
| 19:34 | Create | Villager (Male) ×5 |
| 19:35 | Create | Villager (Male) ×5 |
| 19:35 | Create | Villager (Male) ×5 |
| 20:18 | Build | Castle |
| 20:44 | Build | Farm |
| 20:45 | Build | Farm |
| 21:22 | Create | Conquistador ×3 |
| 21:29 | Build | Farm |
| 21:31 | Build | Farm |
| 21:34 | Create | Villager (Male) |
| 21:34 | Create | Villager (Male) |
| 21:35 | Create | Villager (Male) |
| 21:39 | Build | Farm |
| 21:40 | Build | Farm |
| 21:44 | Build | Farm |
| 21:49 | Build | Farm |
| 21:54 | Create | Villager (Male) |
| 21:54 | Create | Villager (Male) |
| 23:00 | Build | Mining Camp |
| 23:10 | Create | Villager (Male) ×5 |
| 23:11 | Create | Villager (Male) ×5 |
| 23:11 | Create | Villager (Male) ×2 |
| 23:11 | Create | Villager (Male) ×2 |
| 23:17 | Build | Farm |
| 23:18 | Build | Farm |
| 23:19 | Build | Farm |
| 23:20 | Build | Farm |
| 23:24 | Build | Farm |
| 23:25 | Build | Farm |
| 23:28 | Create | Villager (Male) |
| 23:34 | Build | Farm |
| 23:42 | Build | Farm |
| 23:42 | Build | Farm |
| 23:43 | Build | Farm |
| 23:43 | Build | Farm |
| 23:51 | Build | Farm |
| 23:51 | Build | Farm |
| 23:52 | Build | Farm |
| 23:57 | Create | Villager (Male) ×4 |
| 23:57 | Create | Villager (Male) ×4 |
| 23:57 | Create | Villager (Male) ×4 |
Build order — MarXthedruid
First 150 of 354 actions detected
| 0:01 | Create | Villager (Male) |
| 0:01 | Create | Villager (Male) |
| 0:01 | Create | Villager (Male) |
| 0:02 | Create | Villager (Male) |
| 0:03 | Build | House |
| 0:06 | Build | House |
| 1:25 | Create | Villager (Male) |
| 1:25 | Create | Villager (Male) |
| 1:47 | Build | Lumber Camp |
| 1:51 | Create | Villager (Male) |
| 2:20 | Create | Villager (Male) |
| 2:20 | Create | Villager (Male) |
| 2:35 | Create | Villager (Male) |
| 2:59 | Create | Villager (Male) |
| 3:38 | Create | Villager (Male) |
| 3:39 | Create | Villager (Male) |
| 3:54 | Build | House |
| 3:56 | Build | House |
| 4:03 | Create | Villager (Male) |
| 4:15 | Create | Villager (Male) |
| 4:15 | Create | Villager (Male) |
| 4:20 | Build | Mill |
| 4:41 | Create | Villager (Male) |
| 4:56 | Create | Villager (Male) |
| 5:07 | Create | Villager (Male) |
| 5:07 | Create | Villager (Male) |
| 5:22 | Create | Villager (Male) |
| 5:44 | Create | Villager (Male) |
| 5:55 | Create | Villager (Male) |
| 6:50 | Build | Lumber Camp |
| 6:55 | Research | Loom |
| 7:50 | Research | Feudal Age |
| 8:39 | Build | Mining Camp |
| 8:57 | Build | Barracks |
| 8:59 | Build | House |
| 9:04 | Create | Villager (Male) |
| 9:05 | Create | Villager (Male) |
| 10:06 | Age | Feudal Age |
| 10:11 | Research | Double-Bit Axe |
| 10:15 | Research | Horse Collar |
| 10:41 | Create | Villager (Male) |
| 10:49 | Build | Stable |
| 11:05 | Build | House |
| 11:06 | Build | House |
| 11:33 | Create | Villager (Male) |
| 11:34 | Create | Villager (Male) |
| 11:43 | Build | Farm |
| 11:56 | Create | Villager (Male) |
| 11:59 | Build | Farm |
| 12:00 | Build | Farm |
| 12:03 | Build | Farm |
| 12:06 | Build | Farm |
| 12:15 | Build | Farm |
| 12:17 | Create | Scout Cavalry |
| 12:18 | Create | Scout Cavalry |
| 12:22 | Build | Farm |
| 12:30 | Create | Villager (Male) |
| 12:48 | Build | Farm |
| 12:59 | Create | Villager (Male) |
| 13:10 | Build | Farm |
| 13:14 | Build | Farm |
| 13:22 | Build | Blacksmith |
| 13:24 | Create | Villager (Male) |
| 13:42 | Create | Villager (Male) |
| 13:58 | Create | Villager (Male) |
| 14:03 | Build | Farm |
| 14:07 | Build | Farm |
| 14:10 | Create | Villager (Male) |
| 14:56 | Create | Villager (Male) |
| 14:57 | Create | Villager (Male) |
| 14:58 | Build | Farm |
| 14:59 | Create | Villager (Male) |
| 15:23 | Build | Farm |
| 15:24 | Build | Farm |
| 15:25 | Create | Villager (Male) |
| 15:30 | Build | Farm |
| 15:33 | Build | Farm |
| 15:35 | Create | Villager (Male) |
| 15:37 | Build | House |
| 15:38 | Build | House |
| 16:31 | Create | Villager (Male) |
| 16:36 | Build | Farm |
| 16:37 | Build | Farm |
| 16:38 | Build | Farm |
| 16:40 | Build | Farm |
| 16:40 | Build | Farm |
| 16:42 | Create | Villager (Male) |
| 16:43 | Create | Villager (Male) |
| 17:02 | Create | Villager (Male) |
| 17:12 | Build | Market |
| 17:18 | Research | Castle Age |
| 17:30 | Build | House |
| 17:32 | Build | House |
| 17:34 | Build | House |
| 18:26 | Build | Archery Range |
| 18:27 | Build | Archery Range |
| 18:48 | Build | Outpost |
| 18:51 | Research | Bloodlines |
| 18:58 | Research | Gold Mining |
| 19:23 | Research | Fletching |
| 19:34 | Research | Scale Barding Armor |
| 19:46 | Build | Mining Camp |
| 19:56 | Build | Lumber Camp |
| 20:01 | Age | Castle Age |
| 20:04 | Create | Villager (Male) |
| 20:04 | Create | Villager (Male) |
| 20:18 | Create | Villager (Male) |
| 20:41 | Create | Unit 1952 |
| 20:41 | Create | Unit 1952 |
| 20:52 | Create | Unit 1952 |
| 20:52 | Create | Unit 1952 |
| 21:06 | Create | Villager (Male) |
| 21:23 | Create | Villager (Male) |
| 21:23 | Create | Villager (Male) |
| 21:28 | Create | Villager (Male) |
| 22:04 | Create | Villager (Male) |
| 22:51 | Create | Unit 1952 |
| 22:51 | Create | Unit 1952 |
| 22:55 | Create | Villager (Male) |
| 23:09 | Create | Villager (Male) |
| 23:23 | Create | Villager (Male) |
| 23:34 | Build | University |
| 23:45 | Create | Unit 1952 |
| 23:46 | Create | Unit 1952 |
| 24:15 | Research | Bodkin Arrow |
| 24:15 | Research | Chain Barding Armor |
| 24:20 | Create | Unit 1952 |
| 24:20 | Create | Unit 1952 |
| 24:23 | Create | Villager (Male) |
| 24:23 | Create | Villager (Male) |
| 24:38 | Create | Unit 1952 |
| 24:38 | Create | Unit 1952 |
| 24:52 | Create | Villager (Male) |
| 25:05 | Build | Town Center |
| 25:10 | Build | Lumber Camp |
| 25:15 | Create | Villager (Male) |
| 25:21 | Build | House |
| 25:22 | Build | Farm |
| 25:40 | Research | Heavy Plow |
| 25:43 | Create | Villager (Male) |
| 25:43 | Create | Villager (Male) |
| 25:50 | Create | Villager (Male) |
| 25:50 | Create | Villager (Male) |
| 26:08 | Build | Castle |
| 26:17 | Create | Unit 1952 |
| 26:17 | Create | Unit 1952 |
| 26:26 | Build | Lumber Camp |
| 26:31 | Research | Bow Saw |
| 26:34 | Create | Villager (Male) |
| 26:34 | Create | Villager (Male) |
Build order — 𝕬𝔫𝔲𝔟𝔦𝔰
74 actions detected in the replay
| 0:05 | Build | House |
| 0:12 | Create | Villager (Male) ×4 |
| 1:27 | Create | Villager (Male) |
| 1:32 | Build | House |
| 1:36 | Build | Mill |
| 1:59 | Create | Villager (Male) |
| 2:39 | Create | Villager (Male) |
| 3:13 | Create | Villager (Male) |
| 3:17 | Create | Villager (Male) |
| 3:46 | Build | House |
| 3:53 | Build | Lumber Camp |
| 3:58 | Create | Villager (Male) |
| 4:13 | Create | Villager (Male) |
| 4:44 | Create | Villager (Male) |
| 5:29 | Create | Villager (Male) |
| 6:30 | Create | Villager (Male) |
| 7:04 | Create | Villager (Male) |
| 7:30 | Build | House |
| 7:36 | Create | Villager (Male) |
| 7:54 | Research | Feudal Age |
| 9:48 | Build | Mill |
| 10:11 | Age | Feudal Age |
| 10:14 | Research | Double-Bit Axe |
| 10:16 | Research | Wheelbarrow |
| 10:20 | Research | Horse Collar |
| 10:34 | Build | Market |
| 10:41 | Build | Blacksmith |
| 10:45 | Create | Villager (Male) |
| 10:57 | Build | Barracks |
| 11:02 | Build | House |
| 11:45 | Build | Mining Camp |
| 12:05 | Create | Villager (Male) |
| 12:22 | Build | Farm |
| 12:38 | Create | Villager (Male) |
| 13:01 | Build | Barracks |
| 13:25 | Create | Villager (Male) |
| 13:35 | Build | Farm |
| 13:59 | Create | Villager (Male) |
| 14:06 | Build | Farm |
| 15:03 | Research | Castle Age |
| 15:09 | Build | Farm |
| 15:15 | Build | Farm |
| 15:18 | Research | Man-at-Arms (upgrade) |
| 15:58 | Create | Militia |
| 16:31 | Build | House |
| 16:35 | Build | Barracks |
| 16:41 | Build | Barracks |
| 16:54 | Research | Forging |
| 17:36 | Create | Villager (Male) |
| 17:36 | Create | Villager (Male) |
| 17:43 | Age | Castle Age |
| 17:45 | Build | Town Center |
| 17:56 | Research | Gambesons |
| 18:06 | Create | Villager (Male) |
| 18:17 | Build | Mining Camp |
| 18:22 | Research | Scale Mail Armor |
| 18:31 | Create | Militia |
| 18:31 | Create | Militia |
| 18:38 | Build | House |
| 18:54 | Build | Farm |
| 18:54 | Build | Farm |
| 18:56 | Build | Farm |
| 18:58 | Build | Farm |
| 19:13 | Create | Villager (Male) |
| 19:13 | Create | Villager (Male) |
| 19:50 | Build | Farm |
| 19:54 | Build | Farm |
| 19:58 | Create | Villager (Male) |
| 20:09 | Build | Farm |
| 20:14 | Research | Loom |
| 20:17 | Create | Villager (Male) |
| 20:29 | Create | Villager (Male) |
| 20:46 | Create | Militia |
| 20:46 | Create | Militia |
Match timeline
| 8:57 | MarXthedruid · first_building Barracks |
| 10:06 | MarXthedruid · age_up feudal |
| 10:11 | 𝕬𝔫𝔲𝔟𝔦𝔰 · age_up feudal |
| 10:49 | MarXthedruid · first_building Stable |
| 10:57 | 𝕬𝔫𝔲𝔟𝔦𝔰 · first_building Barracks |
| 13:15 | 𝕬𝔫𝔲𝔟𝔦𝔰 · first_market_sell 100 wood |
| 13:18 | 𝕬𝔫𝔲𝔟𝔦𝔰 · first_market_buy 100 food |
| 13:26 | MiscaMuscaMIckyMouse · age_up feudal |
| 14:40 | JabaliVengativo · age_up feudal |
| 15:36 | JabaliVengativo · first_building Barracks |
| 17:43 | 𝕬𝔫𝔲𝔟𝔦𝔰 · age_up castle |
| 18:00 | MiscaMuscaMIckyMouse · age_up castle |
| 18:26 | MarXthedruid · first_building Archery Range |
| 18:37 | MiscaMuscaMIckyMouse · first_building Siege Workshop |
| 20:01 | MarXthedruid · age_up castle |
| 20:18 | MiscaMuscaMIckyMouse · first_building Castle |
| 20:28 | MarXthedruid · first_market_buy 100 wood |
| 20:40 | MiscaMuscaMIckyMouse · first_market_buy 100 wood |
| 22:07 | 𝕬𝔫𝔲𝔟𝔦𝔰 · resign |
| 23:29 | JabaliVengativo · age_up castle |
| 25:44 | JabaliVengativo · first_building Archery Range |
| 26:08 | MarXthedruid · first_building Castle |
| 27:45 | JabaliVengativo · first_building Castle |
| 27:55 | MarXthedruid · first_building Siege Workshop |
| 31:12 | JabaliVengativo · first_market_sell 100 wood |
| 33:19 | MiscaMuscaMIckyMouse · first_building Barracks |
| 33:49 | MiscaMuscaMIckyMouse · first_building Stable |
| 34:28 | MiscaMuscaMIckyMouse · age_up imperial |
| 34:43 | JabaliVengativo · age_up imperial |
| 35:23 | MiscaMuscaMIckyMouse · wall_segment Stone Wall x7 |
| 35:39 | MarXthedruid · age_up imperial |
| 40:23 | JabaliVengativo · wall_segment Stone Wall x1 |
[ AI ANALYSIS · 1 CREDIT ]
What really happened in this match?
Wolo.gg analyzes every decision: build order, eco, micro, common mistakes by bracket. Personalized analysis on WhatsApp or Discord in 30 seconds.
Civ guide
Magyars
Map guide
Arena
Perfil
JabaliVengativo